 Dungeon Crawl Stone Soup version 0.26-a0-1107-g6118521029 (webtiles) character file.

Game seed: 17263795528635898690

43 Dracia the Unweaver (level 3, -2/29 HPs)
             Began as a Demonspawn Abyssal Knight on Dec 16, 2020.
             Was a Follower of Lugonu.
             Slain by a gnoll
             ... wielding a +0 halberd
              (8 damage)
             ... on level 2 of the Dungeon.
             The game lasted 00:01:37 (1770 turns).

Dracia the Unweaver (Demonspawn Abyssal Knight)     Turns: 1770, Time: 00:01:38

Health: -2/29      AC:  5    Str: 13    XL:     3   Next: 37%
Magic:  0/5        EV: 10    Int: 13    God:    Lugonu [*.....]
Gold:   137        SH:  0    Dex: 12    Spells: 2/2 levels left

rFire    x . .     SeeInvis .   a - +1 falchion
rCold    + . .     Faith    .   (no shield)
rNeg     . . .     Spirit   +   e - +0 ring mail
rPois    .         Reflect  .   (no helmet)
rElec    .         Harm     .   (no cloak)
rCorr    .         Rampage  .   (no gloves)
Will     .....                  (no boots)
Stlth    +.........             (no amulet)
HPRegen  0.09/turn              C - ring of ice
MPRegen  0.18/turn              (no ring)

@: no status effects
A: magic shield, magic regeneration
a: Depart the Abyss, Renounce Religion


You were on level 2 of the Dungeon.
You worshipped Lugonu.
Lugonu was aware of your devotion.
You visited 1 branch of the dungeon, and saw 2 of its levels.
You visited the Abyss 1 time.

You collected 137 gold pieces.


Innate Abilities, Weirdness & Mutations

When hurt, damage is shared between your health and your magic reserves.
You regenerate magic rapidly.


   Skills:
 - Level 3.0 Fighting
 * Level 2.7 Long Blades
 - Level 1.7 Armour
 - Level 0.8 Dodging
 + Level 3.9 Invocations


You had 2 spell levels left.
You didn't know any spells.
Your spell library was empty.

Inventory:

Hand Weapons
 a - a +1 falchion (weapon)
Armour
 b - a +0 leather armour
 e - a +0 ring mail (worn)
Jewellery
 C - a ring of ice (left hand)
Wands
 l - a wand of acid (10)
Scrolls
 f - a scroll of enchant weapon {unknown}
 g - 2 scrolls of identify {unknown}
 h - 2 scrolls of immolation {unknown}
 j - a scroll of random uselessness {unknown}
 k - a scroll of amnesia {unknown}
 m - a scroll of teleportation {unknown}
Potions
 c - a potion of curing {unknown}
 d - a potion of berserk rage {unknown}
 i - a potion of attraction {unknown}

Dungeon Overview and Level Annotations

Branches:
Dungeon (2/15)

Altars:
Makhleb

#....#######.####..
##..........#.#....
...........†.........
######.8...8...8....
#...#...#....##
#..###.###.#.#
#...#...#....#
########.8...8...8..#
.....gg@...#...#....####
#######g..###.###.......
#....#...#....####
#..8...8...8..#
##...#...#....#
######...#...# ###...###
#####


You could see 3 gnolls.


Message History

A gnoll is nearby!
A gnoll is nearby!
A gnoll is nearby!
A gnoll comes into view. It is wielding a +0 spear.
A gnoll comes into view. It is wielding a +0 halberd.
The gnoll shouts!
The gnoll hits you but does no damage. The gnoll closely misses you.
You riposte.
You hit the gnoll.
The gnoll is moderately wounded.
The gnoll hits you with a +0 whip.
You hit the gnoll.
The gnoll is heavily wounded.
The gnoll hits you from afar with a +0 halberd.
You hit the gnoll but do no damage. The gnoll hits you with a +0 whip.
The gnoll hits you but does no damage. The gnoll hits you with a +0 spear.
You barely miss the gnoll. The gnoll barely misses you.
The gnoll hits you but does no damage. The gnoll hits you with a +0 spear.
You hit the gnoll.
The gnoll is lightly wounded.
The gnoll misses you. The gnoll hits you with a +0 spear.
The gnoll closely misses you.
Unknown command.
You hit the gnoll.
The gnoll is moderately wounded.
The gnoll hits you with a +0 whip!
* * * LOW HITPOINT WARNING * * *
The gnoll hits you with a +0 spear.
* * * LOW HITPOINT WARNING * * *
The gnoll hits you from afar with a +0 halberd!
You die...

Skill      XL: |  1 |
---------------+----+-----
Long Blades    | 2 |  2.7
Invocations    | 3 |  3.9
Fighting       | |  3.0
Armour         | |  1.7
Dodging        | |  0.8

Action                   || total
-------------------------++-------
Melee: Falchion          ||   124
Invok: Depart the Abyss  ||     1
Armor: Leather armour    ||     5
       Ring mail         ||    43
Dodge: Dodged            ||    76
       Rpst.: Falchion   ||    16

Levels and vault maps discovered:
D:1:      kilobyte_arrival_exit_the_forest, layout_rooms, serial_bayou_pond_a
D:2:      cheibrodos_old_hovel, layout_basic, lemuel_round_altar,
          minmay_misc_feat_four_crosses

Notes
Turn   | Place    | Note
-------+----------+-------------------------------------------
     0 | Abyss:1  | Dracia the Demonspawn Abyssal Knight began the quest for
                  | the Orb.
     0 | Abyss:1  | Reached XP level 1. HP: 18/18 MP: 2/2
    28 | Abyss:1  | Noticed a ynoxinul
    29 | D:1      | You pass through the gate.
    29 | D:1      | Escaped the Abyss
   217 | D:1      | Reached skill level 2 in Long Blades
   333 | D:1      | Reached * piety under Lugonu
   334 | D:1      | Reached skill level 3 in Invocations
   337 | D:1      | Gained mutation: When hurt, damage is shared between your
                  | health and your magic reserves. [demonic ancestry]
   337 | D:1      | Reached XP level 2. HP: 23/24 MP: 2/4
  1023 | D:2      | Gained mutation: You regenerate magic rapidly. [demonic
                  | ancestry]
  1023 | D:2      | Reached XP level 3. HP: 15/29 MP: 3/5
  1320 | D:2      | Found a burning altar of Makhleb.
  1770 | D:2      | Slain by a gnoll

Vanquished Creatures
  An adder (D:2)
  3 bats
  A giant cockroach (D:1)
  5 goblins
  7 hobgoblins
  4 kobolds
  A quokka (D:2)
  4 frilled lizards (D:1)
  8 rats
34 creatures vanquished.

Table legend: (Time is in decaauts)
 A = Elapsed time spent in this place.
 B = Non-inter-level travel time spent in this place.
 C = Inter-level travel time spent in this place.
 D = Time resting spent in this place.
 E = Time spent auto-exploring this place.
 F = Levels seen in this place.
 G = Mean time per level.
                   A        B        C        D        E       F      G
               +--------+--------+--------+--------+--------+-----+--------+
         Total |   1797 |   1748 |     49 |    275 |   1203 |   3 |  599.0 |
       Dungeon |   1768 |   1719 |     49 |    275 |   1175 |   2 |  884.0 |
         Abyss |     29 |     29 |      0 |      0 |     28 |   1 |   29.0 |
               +--------+--------+--------+--------+--------+-----+--------+

Top non-repeatable levels by time:
     D:1: 940 daAuts
     D:2: 827 daAuts
 Abyss:1: 29 daAuts

Table legend:
 A = Non-vault XP
 B = Vault XP
 C = Vault XP percentage of total XP
 D = Non-vault monster count
 E = Vault monster count
 F = Vault count percentage of total count
                 A         B        C        D         E       F
            +---------+---------+-------+---------+---------+-------
      Total |      62 |       0 |   0.0 |      34 |       0 |   0.0
            +---------+---------+-------+---------+---------+-------
        D:1 |      34 |       0 |   0.0 |      22 |       0 |   0.0
        D:2 |      28 |       0 |   0.0 |      12 |       0 |   0.0
            +---------+---------+-------+---------+---------+-------
